AoeStats
← MattAtArms

Arabia

503988135Analyzed
1v1 RM · 1mo ago on Sep 3, 2026· 41m 37s· 2 players
Game mode
Random Map
Map size
Tiny (2 player)
Population
200
Speed
Normal
Resources
Standard
Victory
Conquest
Starting age
Dark Age
Ending age
Imperial Age
RankedLock teamsTeams togetherTeam positionsShared explorationLock speedFull tech treeHidden civsTurbo modeCheats
Victory
Defeat
🇹🇷 Bulgarians · Türkiye
1847
+18
🇬🇧 Goths · United Kingdom
1900
-18
Barış Manço
6:37 Loom
6:58 Loom
9:49 Feudal Age
10:25 Double-Bit Axe
15:53 Fletching
21:20 Castle Age
19:12 Horse Collar
19:50 Padded Archer Armor
21:43 Elite Skirmisher
22:23 Bodkin Arrow
22:48 Bow Saw
22:56 Town Watch
24:34 Wheelbarrow
24:28 Bloodlines
24:45 Scale Barding Armor
25:13 Leather Archer Armor
26:40 Ballistics
31:23 Chain Barding Armor
39:23 Imperial Age
40:03 Scale Mail Armor
40:13 Forging
40:45 Elite Konnik
42:05 Plate Barding Armor
MattAtArms
0:41 Loom
9:22 Feudal Age
9:40 Man-at-Arms
10:11 Double-Bit Axe
16:18 Fletching
21:23 Castle Age
19:50 Gold Mining
20:34 Padded Archer Armor
20:27 Horse Collar
21:26 Crossbowman
22:16 Bodkin Arrow
23:09 Bow Saw
24:09 Ballistics
24:55 Wheelbarrow
38:53 Imperial Age
36:43 Scale Mail Armor
36:53 Forging
38:13 Chain Mail Armor
40:39 Iron Casting
40:57 Heavy Plow
41:24 Squires
42:29 Blast Furnace
Connection lost

Rejoining the realm…

Still unreachable

The connection could not be restored.

Session expired

The server has moved on; the page needs a fresh start.